 Dungeon Crawl Stone Soup version 0.23-a0-41-g8b50da7 (webtiles) character file.

81 topirishpotato the Shield-Bearer (level 4, -1/28 HPs)
             Began as a Gargoyle Fighter on Aug 6, 2018.
             Slain by a goblin (3 damage)
             ... on level 2 of the Dungeon.
             The game lasted 00:02:11 (890 turns).

topirishpotato the Shield-Bearer (Gargoyle Fighter)  Turns: 890, Time: 00:02:12

Health: -1/28      AC: 10    Str: 19    XL:     4   Next: 40%
Magic:  5/5        EV:  7    Int: 10    God:
Gold:   69         SH:  9    Dex:  7    Spells: 4/4 levels left

rFire    . . .     SeeInvis .   a - +0 flail
rCold    . . .     Gourm    .   c - +0 shield
rNeg     + . .     Faith    .   b - +0 scale mail
rPois    ∞         Spirit   .   (no helmet)
rElec    +         Reflect  .   (no cloak)
rCorr    .         Harm     .   (no gloves)
MR       .....                  (no boots)
Stlth    +.........             (no amulet)
HPRegen  0.09/turn              e - -2 ring of dexterity (curse)
MPRegen  0.09/turn              l - ring of stealth

@: very slightly contaminated, invisible
A: negative energy resistance 1, electricity resistance, unbreathing,
petrification resistance, rot immunity, AC +3
a: no special abilities


You were on level 2 of the Dungeon.
You were not hungry.

You visited 1 branch of the dungeon, and saw 2 of its levels.

You collected 69 gold pieces.

Inventory:

Hand Weapons
 a - a +0 flail (weapon)
Missiles
 k - 45 stones (quivered)
Armour
 b - a +0 scale mail (worn)
 c - a +0 shield (worn)
Jewellery
 e - a cursed -2 ring of dexterity (left hand)
 l - a ring of stealth (right hand)
Potions
 d - a potion of might
 m - a potion of lignification {unknown}
Comestibles
 f - 2 rations


   Skills:
 + Level 3.5 Fighting
 + Level 2.9 Maces & Flails
 + Level 3.6 Armour
 * Level 4.3 Shields
 * Level 0.8 Spellcasting


You had 4 spell levels left.
You didn't know any spells.
Your spell library was empty.

Dungeon Overview and Level Annotations

Branches:
Dungeon (2/15)

Altars:


Innate Abilities, Weirdness & Mutations

You are resistant to torment.
Your stone body is resilient. (AC +3)
You are immune to poison.
You resist negative energy. (rN+)
You are resistant to electric shocks. (rElec)
You can survive without breathing.
You are immune to petrification.
You are immune to rotting.


Message History

The adder barely misses you.
You closely miss the adder. You block the adder's attack.
You closely miss the adder. The adder barely misses you.
You block the adder's attack.
You closely miss the adder. You block the adder's attack.
The adder bites you but does no damage.
You barely miss the adder. The goblin hits you.
* * * LOW HITPOINT WARNING * * *
The adder bites you.
* * * LOW HITPOINT WARNING * * *
You block the adder's attack. The goblin hits you but does no damage.
You barely miss the adder. You block the adder's attack.
The goblin barely misses you.
You miss the adder. The adder barely misses you.
The goblin completely misses you. The adder closely misses you.
Your shield and scale mail prevent you from hitting the adder.
The adder barely misses you. You block the goblin's attack.
The adder bites you but does no damage. You block the goblin's attack.
You barely miss the adder. You block the adder's attack. The goblin hits you.
You die...

# .. #########.#
#.> ...... # #.#
#...
###.##.###.##
#..#.....)..#
#...##†#..Sg#
##...##.#.##@#
##.....#.#.##.#
#........#.##.#
##......##.##.#
#.....#.##.##.#
#.#..##.##.##.#
###.#.....##.##.#
#...†.....#...#.#
#.###....†...<..#


You could see an adder and a goblin.

Vanquished Creatures
  4 gnolls (D:2)
  2 dart slugs (D:1)
  10 goblins
  4 hobgoblins (D:1)
  4 jackals (D:1)
  A ball python (D:2)
  3 bats
  3 frilled lizards (D:1)
  5 kobolds (D:1)
  2 rats
38 creatures vanquished.

Notes
Turn   | Place    | Note
-------+----------+-------------------------------------------
     0 | D:1      | topirishpotato the Gargoyle Fighter began the quest for the Orb.
     0 | D:1      | Reached XP level 1. HP: 14/14 MP: 1/1
   121 | D:1      | Reached XP level 2. HP: 19/19 MP: 2/2
   310 | D:1      | Reached XP level 3. HP: 23/23 MP: 3/3
   851 | D:2      | Reached skill level 4 in Shields
   866 | D:2      | Reached XP level 4. HP: 10/28 MP: 3/5
   890 | D:2      | Slain by a goblin

Vault maps used:
D:1:      minmay_arrival_widening_spiral_wide, minmay_misc_feat_pillars
D:2:      cheibrodos_greedy_goblins, overflow_temple_1_default

Skill      XL: |  1  2  3 |
---------------+----------+-----
Shields        | 4 |  4.3
Fighting       | |  3.5
Maces & Flails | |  2.9
Armour         | |  3.6
Spellcasting   | |  0.8

Action                   |  1- 3 |  4- 6 || total
-------------------------+-------+-------++-------
Melee: Flail             |   130 |    21 ||   151
  Use: Scroll            |     3 |       ||     3
       Potion            |       |     1 ||     1
Armor: Scale mail        |    84 |    24 ||   108
Dodge: Dodged            |    55 |    23 ||    78
Block: Shield            |    76 |    27 ||   103

Table legend:
 A = Spawn XP
 B = Non-spawn XP
 C = Spawn XP percentage of total XP
 D = Spawn monster count
 E = Non-spawn monster count
 F = Spawn count percentage of total count
 G = Total turns spent on level
                    A         B        C        D         E        F      G
               +---------+---------+-------+---------+---------+-------+---------
         Total |       0 |     116 |   0.0 |       0 |      38 |   0.0 |   890
               +---------+---------+-------+---------+---------+-------+---------
           D:1 |       0 |      54 |   0.0 |       0 |      30 |   0.0 |   818
           D:2 |       0 |      62 |   0.0 |       0 |       8 |   0.0 |    72
               +---------+---------+-------+---------+---------+-------+---------
